 Dungeon Crawl Stone Soup version 0.20-a0-208-g55166f7 (webtiles) character file.

12708 AlphabetPasta the Arsonist (level 11, -10/64 HPs)
             Began as an Octopode Fire Elementalist on Nov 24, 2016.
             Was a Priest of Vehumet.
             Mangled by an ettin
             ... wielding a cursed +0 dire flail
              (52 damage)
             ... on level 1 of the Orcish Mines on Nov 25, 2016.
             The game lasted 01:14:19 (16942 turns).

AlphabetPasta the Arsonist (OpFE)                  Turns: 16942, Time: 01:14:19

Health: -10/64     AC:  1    Str:  8    XL:     11   Next: 97%
Magic:  0/23       EV: 14    Int: 24    God:    Vehumet [***...]
Gold:   1365       SH:  0    Dex: 12    Spells: 10/27 levels left

rFire  . . .     SeeInvis .     m - +3 quarterstaff (chaos)
rCold  + . .     Gourm    .     (shield currently unavailable)
rNeg   . . .     Faith    .     (helmet restricted)
rPois  +         Spirit   .     P - amulet of regeneration
rElec  .         Reflect  .     p - ring of protection from cold
rCorr  .         Harm     .     s - +3 ring of intelligence
MR     .....                    C - ring of poison resistance
Stlth  +++.......               H - ring of flight
                                Q - +1 ring of evasion
                                E - +2 ring of slaying
                                (no ring)
                                (no ring)

@: no status effects
A: almost no armour, stealthy swim, amphibious, 8 rings, constrict 8, camouflage
1, gelatinous body 1
a: Renounce Religion, Evoke Flight


You were on level 1 of the Orcish Mines.
You worshipped Vehumet.
Vehumet was most pleased with you.
You were very hungry.

You visited 3 branches of the dungeon, and saw 14 of its levels.
You also visited: Bailey.

You collected 1365 gold pieces.

Inventory:

Hand Weapons
 m - a +3 quarterstaff of chaos (weapon)
Missiles
 k - 7 javelins (quivered)
Armour
 O - a +0 shield of poison resistance
Jewellery
 p - a ring of protection from cold (left tentacle)
 s - a +3 ring of intelligence (right tentacle)
 C - a ring of poison resistance (on tentacle)
 E - a +2 ring of slaying (on tentacle)
 H - a ring of flight (on tentacle)
 P - an amulet of regeneration (around mantle)
 Q - a +1 ring of evasion (on tentacle)
Wands
 l - a wand of acid (6/15)
 y - a wand of lightning (7/15)
 A - a wand of iceblast (3/15)
 G - a wand of iceblast (8/15)
 I - a wand of polymorph (4/24)
 J - a wand of enslavement (6/24)
 N - a wand of confusion (26/48)
Scrolls
 g - 7 scrolls of remove curse
 j - 3 scrolls of amnesia
 n - 3 scrolls of enchant weapon
 q - 2 scrolls of magic mapping
 z - 2 scrolls of fear
 L - 3 scrolls of recharging
Potions
 d - a potion of haste
 e - 3 potions of might
 f - a potion of ambrosia
 h - a potion of resistance
 i - 2 potions of mutation
 o - 4 potions of brilliance
 r - 2 potions of cancellation {unknown}
 v - a potion of agility {unknown}
 w - 2 potions of flight {unknown}
 x - 2 potions of berserk rage {unknown}
 K - a potion of magic {unknown}
Books
 a - a book of Flames

   Spells                             Type                      Level
   a - Flame Tongue                   Conjuration/Fire             1
   b - Throw Flame                    Conjuration/Fire             2
   c - Conjure Flame                  Conjuration/Fire             3
   d - Inner Flame                    Hexes/Fire                   3
   e - Sticky Flame                   Conjuration/Fire             4
   f - Fireball                       Conjuration/Fire             5
Comestibles
 b - 10 bread rations
 u - 2 beef jerkies
 F - 4 meat rations
 M - a fruit


   Skills:
 - Level 2.0 Fighting
 - Level 3.0 Staves
 + Level 2.0 Dodging
 - Level 2.6 Stealth
 - Level 4.8 Shields
 + Level 8.5 Spellcasting
 + Level 8.4 Conjurations
 * Level 12.8 Fire Magic


You had 10 spell levels left.
You knew the following spells:

 Your Spells              Type           Power        Failure   Level  Hunger
a - Flame Tongue          Conj/Fire      #####        1%          1    None
b - Throw Flame           Conj/Fire      ######       1%          2    None
c - Conjure Flame         Conj/Fire      ######..     1%          3    None
d - Sticky Flame          Conj/Fire      ######..     1%          4    ##.....
e - Fireball              Conj/Fire      ######....   1%          5    ####...
f - Searing Ray           Conj           ######       1%          2    None


Dungeon Overview and Level Annotations

Branches:
Dungeon (11/15)            Temple (1/1) D:7            Lair (0/6) D:11
    Orc (2/2) D:10
    Elf: Orc:2

Altars:
Ashenzari
Cheibriados
Dithmenos
Elyvilon
Fedhas
Gozag
Hepliaklqana
Kikubaaqudgha
Makhleb
Nemelex Xobeh
Okawaru
Qazlal
Ru
Sif Muna
Trog
Uskayaw
Vehumet
Xom
Yredelemnul
Zin
The Shining One
Beogh

Shops:
D:9 }

Annotations:
D:11 Josephine


Innate Abilities, Weirdness & Mutations

You cannot wear most types of armour.
You are very stealthy in the water. (Stealth+)
You are amphibious.
You can wear up to eight rings at the same time.
You can use your tentacles to constrict eight enemies at once.
Your skin changes colour to match your surroundings (Stealth+).
Your rubbery body absorbs attacks. (AC +1, EV +1)


Message History

The fireball explodes!
The fireball engulfs the ettin.
The ettin is severely wounded.
You are feeling very hungry.
Casting: Fireball
Confirm with . or Enter, or press ? or * to list all spells.
You don't have enough magic to cast that spell.
The ettin misses you. The ettin hits you with a dire flail!!
You climb upwards.
There is a stone staircase leading down here.
Casting: Fireball
Confirm with . or Enter, or press ? or * to list all spells.
Aiming: Sticky Flame
Press: ? - help, Shift-Dir - straight line, f - ettin
Aim: an ettin, wielding two dire flails (severely wounded)
The sticky flame hits the ettin.
The ettin is severely wounded.
The ettin is covered in liquid flames!
The ettin burns!
The ettin closely misses you. The ettin hits you with a dire flail!!!
Ouch! That really hurt!
You die...

##.#......###........
#....................
#...............##...
##..........##.######
##....#...#.########
##............##.##.#
#....................
#..>C......##.......#
##..@.....#####.....#
#.........####.##.##
##........##....###
##.......##....##
#.......####.###
#......## ###
##.##.## ######


You could see an ettin (burning).

Vanquished Creatures
  Erica (D:10)
  3 orc knights
  An orc sorcerer (Orc:1)
  2 ugly things (D:11)
  A cyclops (D:11)
  A gargoyle (D:11)
  2 trolls
  Grinder (D:6)
  2 hippogriffs
  Sigmund (D:3)
  5 wraiths (D:11)
  Grum (D:11)
  Eustachio (D:4)
  2 hungry ghosts
  Menkaure (D:5)
  Edmund (D:6)
  An acid dragon (D:9)
  2 water moccasins
  2 ice beasts (D:11)
  The ghost of PurpleRed the Vexing, an amateur FeEn of Ashenzari (D:3)
  12 orc warriors
  A phantom (D:10)
  2 black bears
  A sky beast (D:11)
  9 ogres
  2 wolves (D:11)
  2 centaurs
  2 big kobolds
  9 bullfrogs
  A scorpion (D:5)
  8 wights
  5 howler monkeys
  8 crimson imps
  A bullfrog zombie (D:7)
  6 orc priests
  Crazy Yiuf (D:2)
  5 hounds
  4 centaur skeletons
  5 iguanas
  11 orc wizards
  4 worker ants
  3 hound skeletons
  A hound zombie (D:5)
  3 worker ant zombies
  6 gnolls (D:7)
  A howler monkey skeleton (D:5)
  6 adders
  An ooze (D:7)
  2 worms
  A dart slug (D:3)
  7 leopard geckos
  43 orcs
  6 giant cockroaches
  6 goblins
  11 hobgoblins
  19 jackals
  3 quokkas
  A ball python (D:2)
  5 bats
  6 frilled lizards
  11 kobolds
  A leopard gecko skeleton (D:8)
  A leopard gecko zombie (D:7)
  A quokka zombie (D:8)
  8 rats
284 creatures vanquished.

Notes
Turn   | Place    | Note
-------+----------+-------------------------------------------
     0 | D:1      | AlphabetPasta the Octopode Fire Elementalist began the quest for the Orb.
     0 | D:1      | Reached XP level 1. HP: 11/11 MP: 3/3
   323 | D:1      | Learned a level 1 spell: Flame Tongue
   689 | D:1      | Reached XP level 2. HP: 17/17 MP: 3/5
   693 | D:1      | Learned a level 2 spell: Throw Flame
  1736 | D:2      | Reached XP level 3. HP: 21/21 MP: 3/6
  1741 | D:2      | Learned a level 3 spell: Conjure Flame
  2134 | D:2      | Found a runed door.
  2138 | D:2      | Noticed Crazy Yiuf
  2141 | D:2      | Killed Crazy Yiuf
  2141 | D:2      | Reached skill level 4 in Fire Magic
  2141 | D:2      | Reached XP level 4. HP: 27/27 MP: 2/8
  2835 | D:3      | Found a glowing golden altar of the Shining One.
  2930 | D:3      | Noticed PurpleRed's ghost (amateur FeEn)
  3381 | D:3      | Noticed Sigmund
  3388 | D:3      | Killed Sigmund
  3388 | D:3      | Reached skill level 5 in Fire Magic
  3388 | D:3      | Reached XP level 5. HP: 17/31 MP: 0/10
  3388 | D:3      | Reached XP level 6. HP: 20/36 MP: 0/11
  3394 | D:3      | Learned a level 4 spell: Sticky Flame
  3630 | D:3      | Killed PurpleRed's ghost
  3630 | D:3      | Reached skill level 6 in Fire Magic
  3874 | D:4      | Reached XP level 7. HP: 19/41 MP: 2/12
  4318 | D:4      | Found a shadowy altar of Dithmenos.
  4791 | D:4      | Noticed Eustachio
  4800 | D:4      | Killed Eustachio
  4800 | D:4      | Reached skill level 7 in Fire Magic
  5351 | D:4      | Reached XP level 8. HP: 46/46 MP: 7/14
  5444 | D:5      | Entered Level 5 of the Dungeon
  5448 | D:5      | Noticed Menkaure
  5454 | D:5      | Killed Menkaure
  5759 | D:5      | Reached skill level 5 in Spellcasting
  5776 | D:5      | Reached skill level 8 in Fire Magic
  7017 | D:6      | Found a shattered altar of Ashenzari.
  7054 | D:6      | Reached XP level 9. HP: 51/51 MP: 9/17
  7252 | D:6      | Found a sacrificial altar of Ru.
  7314 | D:6      | Noticed Edmund
  7325 | D:6      | Killed Edmund
  7325 | D:6      | Reached skill level 5 in Conjurations
  7325 | D:6      | Reached skill level 9 in Fire Magic
  7871 | D:6      | Noticed Grinder
  7874 | D:6      | Paralysed by Grinder for 3 turns
  7878 | D:6      | Killed Grinder
  7956 | D:6      | Learned a level 5 spell: Fireball
  8687 | D:7      | Reached skill level 10 in Fire Magic
  8795 | D:7      | Found a staircase to the Ecumenical Temple.
  8813 | Temple   | Entered the Ecumenical Temple
  8882 | Temple   | Became a worshipper of Vehumet
  9028 | D:7      | Reached skill level 1 in Staves
  9484 | D:8      | Reached skill level 1 in Fighting
  9484 | D:8      | Reached XP level 10. HP: 53/58 MP: 15/20
  9719 | D:8      | Reached * piety under Vehumet
  9719 | D:8      | Offered knowledge of Sting by Vehumet.
  9907 | D:8      | Found a hazy altar of Hepliaklqana.
  9908 | D:8      | Found a white marble altar of Elyvilon.
  9913 | D:8      | Found a stormy altar of Qazlal.
 10003 | D:8      | Found a burning altar of Makhleb.
 10229 | D:8      | Found a burning altar of Makhleb.
 10392 | D:8      | Identified a scroll of acquirement
 10688 | D:9      | Found Pase's Gadget Shoppe.
 10763 | D:9      | Reached skill level 1 in Shields
 11388 | D:9      | Reached skill level 11 in Fire Magic
 11841 | D:10     | Entered Level 10 of the Dungeon
 12114 | D:10     | Offered knowledge of Searing Ray by Vehumet.
 12125 | D:10     | Reached ** piety under Vehumet
 12350 | D:10     | Found a staircase to the Orcish Mines.
 12434 | D:10     | Noticed Erica
 12448 | D:10     | Killed Erica
 12748 | D:10     | Learned a level 2 spell: Searing Ray
 12879 | D:11     | Reached XP level 11. HP: 64/64 MP: 14/22
 12929 | D:11     | Noticed a white ugly thing
 12929 | D:11     | Noticed a cyclops
 12952 | D:11     | Killed a white ugly thing
 13044 | D:11     | Killed a cyclops
 13135 | D:11     | Found a staircase to the Lair.
 13161 | D:11     | Noticed Grum
 13395 | D:11     | Killed Grum
 13520 | D:11     | Noticed an eight-headed hydra
 13674 | D:11     | Noticed Josephine
 13677 | D:11     | Reached skill level 12 in Fire Magic
 13789 | D:10     | Offered knowledge of Ignite Poison by Vehumet.
 13888 | D:11     | HP: 2/64 [Josephine/ghostly fireball (23)]
 13891 | D:11     | Gained mutation: You expend magic power (3 MP) to strengthen your wands. [potion of mutation]
 13891 | D:11     | Gained mutation: One of your tentacles bears a spike. [potion of mutation]
 13891 | D:11     | Gained mutation: You are agile. (Dex +2) [potion of mutation]
 13930 | D:11     | Lost mutation: You expend magic power (3 MP) to strengthen your wands. [potion of cure mutation]
 13930 | D:11     | Lost mutation: You are agile. (Dex +2) [potion of cure mutation]
 13930 | D:11     | Lost mutation: One of your tentacles bears a spike. [potion of cure mutation]
 14331 | D:11     | Noticed a white ugly thing
 14355 | D:11     | Killed a white ugly thing
 14582 | Orc:1    | Entered Level 1 of the Orcish Mines
 14609 | Orc:1    | Found a flagged portal.
 14612 | Orc:1    | Reached *** piety under Vehumet
 14634 | Bailey   | Entered a bailey
 14799 | Bailey   | Noticed an orc knight
 14800 | Bailey   | Noticed an orc knight
 15180 | Bailey   | Offered knowledge of Olgreb's Toxic Radiance by Vehumet.
 15304 | Bailey   | Killed an orc knight
 15459 | Bailey   | Killed an orc knight
 15893 | Orc:1    | Found a roughly hewn altar of Beogh.
 16107 | Orc:1    | Noticed an orc sorcerer
 16114 | Orc:1    | Killed an orc sorcerer
 16355 | Orc:2    | Entered Level 2 of the Orcish Mines
 16376 | Orc:2    | Noticed an orc knight
 16398 | Orc:1    | Killed an orc knight
 16907 | Orc:2    | Noticed an ettin
 16942 | Orc:1    | Mangled by an ettin

Vault maps used:
D:1:      kilobyte_arrival_exit_the_forest, serial_forest,
          infiniplex_forest_straight_3, infiniplex_forest_clump_curved,
          infiniplex_forest_zigzag_1, infiniplex_forest_clump_small,
          infiniplex_forest_lined_room_, infiniplex_forest_clump_tiny,
          infiniplex_forest_corner_1
D:2:      uniq_crazy_yiuf_cottage
D:3:      tso_metal_star, uniq_sigmund
D:4:      nicolae_dithmenos_the_darkroom, uniq_eustachio
D:5:      first_bread, uniq_menkaure
D:6:      nicolae_ashenzari_panopticon, nicolae_ru_awakened_eye, uniq_grinder,
          uniq_edmund
D:8:      marbit_many_paths, gammafunk_temple_overflow_forgotten, basic_altar
D:9:      serial_shops, nicolae_shop_crystal
D:10:     orc_0_dummy, uniq_erica
D:11:     lair_entry_dummy, uniq_josephine, uniq_maurice, uniq_grum
Temple:   jpeg_temple_clearing
Orc:1:    basic_altar, enter_bailey_4, abandoned_shop
Orc:2:    st_orc_mages, mines2_david
Bailey:   bailey_polearm_1, bailey

Skill      XL: |  1  2  3  4  5  6  7  8  9 10 11 |
---------------+----------------------------------+-----
Fire Magic     | 4 5 6 7 8 10 11 12 | 12.8
Spellcasting   | 3 4 5 6 7 8 |  8.5
Conjurations   | 2 3 4 6 7 8 |  8.4
Staves         | 1 3 |  3.0
Fighting       | 1 2 |  2.0
Shields        | 3 4 |  4.8
Dodging        | |  2.0
Stealth        | |  2.6

Action                   |  1- 3 |  4- 6 |  7- 9 | 10-12 || total
-------------------------+-------+-------+-------+-------++-------
Melee: Unarmed           |    10 |       |       |       ||    10
       Constrict         |     3 |     1 |     2 |     4 ||    10
       Tentacles         |     1 |     1 |     2 |     3 ||     7
       Quarterstaff      |       |     5 |    10 |    12 ||    27
 Cast: Flame Tongue      |    50 |    57 |   220 |   308 ||   635
       Throw Flame       |     1 |     4 |    77 |   106 ||   188
       Sticky Flame      |       |       |     4 |    34 ||    38
       Fireball          |       |       |       |    20 ||    20
       Searing Ray       |       |       |       |     1 ||     1
Evoke: Wand              |       |       |       |     5 ||     5
  Use: Scroll            |     5 |     3 |     8 |    10 ||    26
       Potion            |       |       |       |     7 ||     7
 Stab: Sleeping          |     6 |     1 |       |       ||     7
       Distracted        |       |       |       |     1 ||     1
  Eat: Chunk             |     4 |     5 |    12 |    15 ||    36
       Pizza             |       |       |     1 |     1 ||     2
       Royal jelly       |       |       |     1 |     2 ||     3
       Bread ration      |       |       |     1 |       ||     1
       Fruit             |       |       |       |     7 ||     7
Armor: Skin              |     3 |     1 |     3 |     8 ||    15
Dodge: Dodged            |    14 |    12 |    37 |   109 ||   172
